 Dungeon Crawl Stone Soup version 0.27-a0-774-g3e622ea735 (webtiles) character file.

Game seed: 695345178250309366

602 Froggeryz the Cudgeller (level 6, -7/53 HPs)
             Began as a Demigod Delver on Mar 25, 2021.
             Succumbed to a scorpion's poison
             ... on level 4 of the Dungeon.
             The game lasted 00:06:43 (3859 turns).

Froggeryz the Cudgeller (Demigod Delver)            Turns: 3859, Time: 00:06:43

Health: -7/53      AC:  9    Str: 21    XL:     6   Next: 97%
Magic:  17/17      EV: 10    Int: 12    God:
Gold:   180        SH:  0    Dex: 15    Spells: 5/5 levels left

rFire    . . .     SeeInvis .   s - +2 whip (flame)
rCold    . . .     Faith    .   (no shield)
rNeg     . . .     Spirit   .   u - +0 scale mail
rPois    .         Reflect  .   o - +1 helmet
rElec    .         Harm     .   y - +0 cloak
rCorr    .         Rampage  .   (no gloves)
Will     .....                  (no boots)
Stlth    +.........             m - amulet of regeneration
HPRegen  1.17/turn              r - ring of magical power
MPRegen  0.15/turn              (no ring)

@: mighty, lethally poisoned (-7 -> -20)
A: high mp 1, forlorn
a: no special abilities


You were on level 4 of the Dungeon.
You visited 1 branch of the dungeon, and saw 5 of its levels.

You collected 180 gold pieces.

Inventory:

Hand Weapons
 s - a +2 whip of flaming (weapon)
 A - a +2 mace of holy wrath
Missiles
 l - 12 poisoned darts (quivered)
Armour
 o - a +1 helmet (worn)
 u - a +0 scale mail (worn)
 y - a +0 cloak (worn)
Jewellery
 k - a ring of fire
 m - an amulet of regeneration (around neck)
 r - a ring of magical power (right hand)
 w - a ring of positive energy
Wands
 b - a wand of polymorph (19)
 g - a wand of digging (3)
 x - a wand of mindburst (20)
Scrolls
 c - a scroll of fog
 d - a scroll of magic mapping
 e - 2 scrolls of fear
 h - a scroll of teleportation {unknown}
 j - a scroll of holy word {unknown}
 n - a scroll of enchant weapon {unknown}
 p - 2 scrolls of identify {unknown}
 v - a scroll of amnesia {unknown}
Potions
 a - a potion of cancellation {unknown}
 f - a potion of haste
 i - a potion of resistance {unknown}
 q - a potion of might
 t - a potion of brilliance {unknown}
 z - 3 potions of curing {unknown}


   Skills:
 + Level 4.4 Fighting
 * Level 6.3 Maces & Flails
 - Level 1.7 Dodging
 - Level 4.5 Stealth


You had 5 spell levels left.
You didn't know any spells.
Your spell library contained the following spells:

 Spells                   Type           Power      Damage    Failure   Level
 Corona                   Hex            0%         N/A       67%         1
 Slow                     Hex            0%         N/A       82%         2
 Inner Flame              Hex/Fire       0%         N/A       96%         3
 Portal Projectile        Hex/Tloc       0%         N/A       96%         3
 Animate Dead             Necr           0%         N/A       100%        4
 Cause Fear               Hex            0%         N/A       100%        4
 Leda's Liquefaction      Hex/Erth       0%         N/A       100%        4
 Borgnjor's Vile Clutch   Necr/Erth      0%         N/A       100%        5
 Death Channel            Necr           0%         N/A       100%        6
 Simulacrum               Ice/Necr       0%         N/A       100%        6


Dungeon Overview and Level Annotations

Branches:
Dungeon (5/15)
 Temple: D:4-7


Innate Abilities, Weirdness & Mutations

Your attributes grow dramatically as you level up.
You have an increased reservoir of magic. (+10% MP)
You shall have no god before yourself.


Message History

You feel extremely sick.
You hit the scorpion but do no damage.
The scorpion is severely wounded.
You feel sick. The scorpion barely misses you.
You closely miss the scorpion.
The scorpion is severely wounded.
You feel sick. The scorpion stings you.
You are too injured to fight recklessly!
You are too injured to fight recklessly!
You are too injured to fight recklessly!
You are too injured to fight recklessly!
You completely miss the scorpion.
The scorpion is severely wounded.
You feel sick.
The scorpion stings you but does no damage.
You hit the scorpion. You burn the scorpion.
The scorpion is almost dead.
The scorpion stings you.
You closely miss the scorpion.
The scorpion is almost dead.
You feel sick.
You are no longer poisoned.
You hit the scorpion but do no damage.
The scorpion is almost dead.
The scorpion closely misses you.
You completely miss the scorpion.
The scorpion is almost dead.
The scorpion stings you!
You are poisoned.
The scorpion poisons you!
You completely miss the scorpion.
The scorpion is almost dead.
You feel extremely sick. The scorpion stings you.
* * * LOW HITPOINT WARNING * * *
You are lethally poisoned!
The scorpion poisons you!
It was a potion of might.
You feel very mighty all of a sudden.
You die...

...........................##.#
.....####...........##.#.#.##.#
....<####.#..##.##..##.#.# # .#
..............#.##.......#
............ ...........##
.#.#.####... ..##..##.###.#
.#.#.# ##. #.#..........#
...... ....##.##..##.###.#
......# #.....s@..........
....... ....##........###.
.#...... . ..........## .#.#..
.........#### ......#
#..........
...................##
####..##.#..###....#
.........#..###....#
.......#.#...........


You could see a scorpion.

Vanquished Creatures
  Grinder (D:4)
  An ogre (D:4)
  A hound (D:4)
  2 jellies (D:3)
  Crazy Yiuf (D:3)
  Jessica (D:2)
  An iguana (D:4)
  Robin (D:2)
  3 adders
  3 gnolls (D:3)
  An ufetubus (D:4)
  A worm (D:2)
  2 dart slugs
  9 orcs
  4 bats
  7 endoplasms
  3 giant cockroaches
  8 hobgoblins
  5 kobolds
  7 ball pythons
  5 frilled lizards
  11 goblins
  4 rats
82 creatures vanquished.

Vanquished Creatures (others)
  2 plants (D:3)
2 creatures vanquished.

Grand Total: 84 creatures vanquished

Notes
Turn   | Place    | Note
-------+----------+-------------------------------------------
     0 | D:5      | Froggeryz the Demigod Delver began the quest for the Orb.
     0 | D:5      | Reached XP level 1. HP: 18/18 MP: 3/3
    33 | D:5      | Noticed a black bear
    90 | D:5      | Reached skill level 2 in Maces & Flails
   441 | D:4      | Reached XP level 2. HP: 5/25 MP: 4/4
   724 | D:4      | Reached skill level 3 in Maces & Flails
   997 | D:2      | Noticed Robin
  1008 | D:2      | Reached XP level 3. HP: 28/30 MP: 5/5
  1028 | D:2      | Killed Robin
  2269 | D:2      | Reached skill level 4 in Maces & Flails
  2346 | D:2      | Reached XP level 4. HP: 37/37 MP: 6/6
  2378 | D:2      | Noticed Jessica
  2387 | D:2      | Killed Jessica
  2847 | D:3      | Noticed Ijyb
  2854 | D:3      | Noticed Ijyb
  2854 | D:3      | Ijyb changed into Ijyb the jelly
  2863 | D:3      | Killed Ijyb the jelly
  2864 | D:3      | Reached XP level 5. HP: 41/45 MP: 7/7
  3028 | D:3      | Reached skill level 5 in Maces & Flails
  3151 | D:3      | Found a runed translucent door.
  3152 | D:3      | Noticed Crazy Yiuf
  3546 | D:3      | Killed Crazy Yiuf
  3741 | D:4      | Reached XP level 6. HP: 52/52 MP: 8/8
  3748 | D:4      | Noticed Grinder
  3760 | D:4      | Killed Grinder
  3761 | D:4      | Reached skill level 6 in Maces & Flails
  3859 | D:4      | Succumbed to a scorpion's poison

Illustrated notes

Levels and vault maps discovered:
D:1:      roderic_crop_circles_arrival_small, layout_basic
D:2:      layout_loops_ring, nicolae_overflow_quartered_altars,
          minmay_pentomino_o4, uniq_jessica, uniq_robin
D:3:      layout_loops_ring, nrook_uturn, chequers_serial_rivers_large_a,
          serial_bayou_lagoon_b, uniq_crazy_yiuf_cottage, uniq_ijyb
D:4:      layout_basic, okawaru_metal_pillars_1_2, uniq_grinder
D:5:      layout_basic, bloody_trog, uniq_blork_the_orc

Skill      XL: |  1  2  3  4  5  6 |
---------------+-------------------+-----
Maces & Flails | 2 3 4 5 6 |  6.3
Fighting       | 3 4 |  4.4
Dodging        | |  1.7
Stealth        | |  4.5

Action                   |  1- 3 |  4- 6 || total
-------------------------+-------+-------++-------
Melee: Mace              |   127 |     7 ||   134
       Whip              |    19 |   146 ||   165
Evoke: Wand              |       |     5 ||     5
  Use: Potion            |       |     1 ||     1
 Stab: Sleeping          |     6 |     3 ||     9
       Distracted        |     1 |       ||     1
Armor: Ring mail         |    52 |    23 ||    75
       Scale mail        |       |    24 ||    24
Dodge: Dodged            |    74 |    67 ||   141

Table legend: (Time is in decaauts)
 A = Elapsed time spent in this place.
 B = Non-inter-level travel time spent in this place.
 C = Inter-level travel time spent in this place.
 D = Time resting spent in this place.
 E = Time spent auto-exploring this place.
 F = Levels seen in this place.
 G = Mean time per level.
                   A        B        C        D        E       F      G
               +--------+--------+--------+--------+--------+-----+--------+
         Total |   3897 |   3774 |    123 |    566 |   2289 |   5 |  779.4 |
       Dungeon |   3897 |   3774 |    123 |    566 |   2289 |   5 |  779.4 |
               +--------+--------+--------+--------+--------+-----+--------+

Top non-repeatable levels by time:
     D:1: 1088 daAuts
     D:3: 888 daAuts
     D:2: 812 daAuts
     D:4: 730 daAuts
     D:5: 379 daAuts
